 Dungeon Crawl Stone Soup version 0.22.1-1-ga44c0e5 (webtiles) character file.

236 delarado the Firebug (level 5, -4/28 HPs)
             Began as a Deep Elf Fire Elementalist on Oct 23, 2018.
             Slain by an orc priest
             ... wielding a +0 hand axe
              (6 damage)
             ... on level 4 of the Dungeon.
             The game lasted 00:13:26 (3021 turns).

delarado the Firebug (Deep Elf Fire Elementalist)   Turns: 3021, Time: 00:13:27

Health: -4/28      AC:  3    Str:  5    XL:     5   Next: 77%
Magic:  3/11       EV: 13    Int: 21    God:
Gold:   100        SH:  0    Dex: 13    Spells: 2/10 levels left

rFire    . . .     SeeInvis .   e - +1 hunting sling (velocity)
rCold    + . .     Gourm    .   (no shield)
rNeg     . . .     Faith    .   a - +1 robe
rPois    .         Spirit   .   (no helmet)
rElec    .         Reflect  .   (no cloak)
rCorr    .         Harm     .   (no gloves)
MR       .....     Clarity  +   (no boots)
Stlth    ++........             (no amulet)
HPRegen  0.09/turn              (no ring)
MPRegen  0.12/turn              (no ring)

@: no status effects
A: clarity, clumsy 1, cold resistance 1, no potion heal 1
a: no special abilities


You were on level 4 of the Dungeon.
You were not hungry.

You visited 1 branch of the dungeon, and saw 4 of its levels.

You collected 100 gold pieces.

Inventory:

Hand Weapons
 b - a +0 dagger
 e - a +1 hunting sling of velocity (weapon)
 l - a +2 dagger of distortion
Missiles
 d - 148 stones (quivered)
 h - 38 sling bullets
 k - 19 poisoned needles
Armour
 a - a +1 robe (worn)
Potions
 g - a potion of flight
 i - a potion of curing
 j - a potion of might {unknown}
Comestibles
 c - 4 rations


   Skills:
 - Level 2.4 Dodging
 - Level 2.4 Stealth
 - Level 3.0 Spellcasting
 * Level 4.9 Conjurations
 + Level 5.2 Fire Magic


You had 2 spell levels left.
You knew the following spells:

 Your Spells              Type           Power        Failure   Level  Hunger
a - Flame Tongue          Conj/Fire      ###..        1%          1    None
b - Conjure Flame         Conj/Fire      ###.....     4%          3    ###....
c - Sticky Flame          Conj/Fire      ###.....     16%         4    ####...

Your spell library contained the following spells:

 Spells                   Type           Power        Failure   Level  Hunger
 Throw Flame              Conj/Fire      ###...       2%          2    ##.....
 Animate Skeleton         Necr           N/A          13%         1    None
 Apportation              Tloc           #.....       13%         1    None
 Confusing Touch          Hex            #.....       13%         1    None
 Summon Small Mammal      Summ           #...         13%         1    None
 Inner Flame              Hex/Fire       ##......     14%         3    ###....
 Fireball                 Conj/Fire      ###.......   41%         5    ######.


Dungeon Overview and Level Annotations

Branches:
Dungeon (4/15)
 Temple: D:4-7

Altars:

Annotations:
D:2 Natasha
D:4 exclusion: ogre


Innate Abilities, Weirdness & Mutations

You possess an exceptional clarity of mind.
You are clumsy. (Dex -2)
Your flesh is cold resistant. (rC+)
Potions are less effective at restoring your health.


Message History

The flame tongue hits the orc priest.
The orc priest appears unharmed.
Casting: Flame Tongue (safe; 1% risk of failure)
Confirm with . or Enter, or press ? or * to list all spells.
You don't have enough magic to cast that spell.
As you read the scroll labeled WER WE WEHOA, it crumbles to dust.
You feel aware of your surroundings.
You sensed 1 altar, and 1 shop/portal.
It was a scroll of magic mapping.
The orc hits you with a mace.
* * * LOW HITPOINT WARNING * * *
The orc priest barely misses you.
As you read the scroll labeled KISYRA VOT, it crumbles to dust.
It is a scroll of amnesia.
Okay, then.
The orc hits you with a mace.
* * * LOW HITPOINT WARNING * * *
The orc priest barely misses you.
As you read the scroll labeled GOPNOF XIME, it crumbles to dust.
It is a scroll of enchant weapon.
Your +0 hunting sling of velocity glows red for a moment.
The orc priest hits you with a hand axe.
You die...

**,*,**,**,**,,,,,..............#
,,,,,,,,,,,,....,,...........#.[#
**,*,*,,**,*#.#.##.#####.....#..#
*,*,*,,,,,,(......#####..##.#,.#
**,*,*,,**,,..............#*.#,.#
,,,,,,,,***##o#..........##*.#,,*
,,,,,,,,,,,,..,.......#..# *.#,,*
**,*,**,****#)*#o####.#..# *,*,,*
,,,,,**,* #.##@####.#..###.#..#
**,****,#####..o................#
*,* *.........................O
*,* *.########.####.#########.#
*,* *,*#######................#
**,****,,.......................#
,,,,,,,,*#######.####.###########
*******,* #.# #.# *** ### ###


You could see an orc priest and an orc.

Vanquished Creatures
  4 orc wizards
  Natasha (D:2)
  3 adders (D:3)
  3 oozes
  2 leopard geckos
  3 orcs
  A ball python (D:1)
  8 bats
  6 giant cockroaches
  10 goblins
  5 hobgoblins
  4 kobolds
  A quokka (D:3)
  4 frilled lizards
  6 rats
61 creatures vanquished.

Notes
Turn   | Place    | Note
-------+----------+-------------------------------------------
     0 | D:1      | delarado the Deep Elf Fire Elementalist began the quest for
                  | the Orb.
     0 | D:1      | Reached XP level 1. HP: 10/10 MP: 6/6
   256 | D:1      | Reached XP level 2. HP: 15/15 MP: 4/8
   683 | D:1      | Reached skill level 4 in Fire Magic
   775 | D:1      | Reached XP level 3. HP: 19/19 MP: 5/9
   780 | D:1      | Learned a level 3 spell: Conjure Flame
  1444 | D:2      | Noticed Natasha
  1452 | D:2      | Killed Natasha
  1490 | D:2      | Noticed Natasha
  1792 | D:2      | Reached XP level 4. HP: 21/24 MP: 6/10
  1798 | D:2      | Learned a level 4 spell: Sticky Flame
  2052 | D:3      | Found a faded altar of an unknown god.
  2217 | D:3      | Reached XP level 5. HP: 11/28 MP: 7/11
  2416 | D:3      | Reached skill level 5 in Fire Magic
  2919 | D:4      | Gained mutation: Potions are less effective at restoring
                  | your health. [potion of mutation]
  2919 | D:4      | Gained mutation: You are clumsy. (Dex -2) [potion of
                  | mutation]
  2919 | D:4      | Gained mutation: Your flesh is cold resistant. (rC+)
                  | [potion of mutation]
  2919 | D:4      | Gained mutation: You possess an exceptional clarity of
                  | mind. [potion of mutation]
  2983 | D:4      | Noticed an ogre
  3021 | D:4      | Slain by an orc priest

Skill      XL: |  1  2  3  4  5 |
---------------+----------------+-----
Conjurations   | 2 3 4 |  4.9
Fire Magic     | 4 5 |  5.2
Dodging        | |  2.4
Stealth        | |  2.4
Spellcasting   | |  3.0

Action                   |  1- 3 |  4- 6 || total
-------------------------+-------+-------++-------
 Fire: Hunting sling     |     6 |    34 ||    40
Throw: Stone             |    30 |       ||    30
 Cast: Flame Tongue      |    54 |    47 ||   101
       Conjure Flame     |     2 |     1 ||     3
  Use: Scroll            |     5 |     5 ||    10
       Potion            |     1 |     1 ||     2
  Eat: Chunk             |     1 |     2 ||     3
       Ration            |     1 |       ||     1
Armor: Robe              |    10 |     1 ||    11
Dodge: Dodged            |    32 |     5 ||    37
